 Dungeon Crawl Stone Soup version 0.15.1-1-gfacfea3 (webtiles) character file.

338412 jeykey the Fighter (level 22, -65/121 HPs)
             Began as a Vine Stalker Artificer on Sept 17, 2014.
             Was the Champion of Qazlal.
             Killed from afar by a lich (79 damage)
             ... with a crystal spear
             ... on Level 3 of the Crypt on Sept 18, 2014.
             The game lasted 06:58:01 (41806 turns).

jeykey the Fighter (Vine Stalker Artificer)        Turns: 41806, Time: 06:58:01

HP -65/121       AC 31     Str 27      XL: 22   Next: 27%
MP   0/36        EV 23     Int 10      God: Qazlal [******]
Gold 5174        SH 33     Dex 19      Spells:  1 memorised, 27 levels left

rFire  . . .     SeeInvis .     a - +9 mace (protect)
rCold  . . .     Clarity  .     D - +5 scale mail "Nihemnat" {Slay+5}
rNeg   . . .     rCorr    .     L - +4 large shield
rPois  +         rRot     +     Z - +4 helmet of Anaesthesia {Str-2 Dex+1}
rElec  .         Spirit   +     y - +2 cloak {rPois}
SustAb .         Warding  .     N - +2 pair of gloves {Str+3}
rMut   .         Rnd*Tele +     u - +2 pair of boots
Gourm  .                        U - amulet of rage
MR     ++...                    E - +5 ring of evasion
                                s - +5 ring of strength

@: corroded equipment, studying Armour, repel missiles, very resistant to
hostile enchantments, extremely unstealthy
A: fangs 3, dopey 1, regeneration 3, teleportitis 1, magic shield, antimagic
bite, no device heal 3, rot immunity
a: Upheaval, Elemental Force, Disaster Area, Renounce Religion, Evoke Berserk
Rage
}: 1/15 runes: gossamer


You were on level 3 of the Crypt.
You worshipped Qazlal.
Qazlal was exalted by your worship.
You were full.

You visited 9 branches of the dungeon, and saw 41 of its levels.
You visited the Abyss 1 time.
You also visited: Bailey and Ice Cave.

You collected 6153 gold pieces.
You spent 979 gold pieces at shops.

Inventory:

Hand weapons
 a - a +9 mace of protection (weapon)
 b - the +6 hunting sling "Meefi" {speed, rElec rPois Dex+1 SInv}
   (You found it on level 3 of the Elven Halls)

   Attacks with this weapon are significantly faster.
   It affects your dexterity (+1).
   It insulates you from electricity.
   It protects you from poison.
   It enhances your eyesight.
 T - the +6 morningstar of Perversion {drain, Str+3 Int+3 Stlth---}
   (You found it on level 3 of the Crypt)

   A truly terrible weapon, it drains the life of those it strikes.
   It affects your strength (+3).
   It affects your intelligence (+3).
   It makes you much less stealthy.
Armour
 u - a +2 pair of boots (worn)
 y - a +2 cloak of poison resistance (worn)
 D - the +5 scale mail "Nihemnat" (worn) {Slay+5}
   (You found it on level 4 of the Spider Nest)

   It affects your accuracy and damage with ranged weapons and melee attacks
   (+5).
 L - a +4 large shield (worn)
 N - a +2 pair of gloves of strength (worn)
 Z - the +4 helmet of Anaesthesia (worn) {Str-2 Dex+1}
   (You found it in an ice cave)

   It affects your strength (-2).
   It affects your dexterity (+1).
Magical devices
 z - a wand of lightning (5)
 A - a wand of draining (7)
 G - a wand of enslavement (15)
 I - a wand of paralysis (13)
 R - a wand of hasting (4)
 S - a wand of invisibility (7)
 X - a wand of fire (6)
 Y - a wand of invisibility (2)
Comestibles
 k - 17 bread rations
Scrolls
 j - a scroll of enchant weapon
 l - a scroll of fog
 n - 8 scrolls of remove curse
 p - a scroll of vulnerability
 r - 2 scrolls of magic mapping
 t - 6 scrolls of teleportation
 x - a scroll of blinking
 B - 2 scrolls of fear
 C - 8 scrolls of identify
Jewellery
 g - an uncursed ring of positive energy
 m - an uncursed amulet of stasis
 q - an uncursed amulet of clarity
 s - a +5 ring of strength (left hand)
 E - a +5 ring of evasion (right hand)
 F - the ring "Pabosula" {Fire Dex+3}
   (You took it off a deep elf sorcerer on level 3 of the Elven Halls)

   [ring of fire]

   It enhances your fire magic, and weakens your ice magic.
   It affects your dexterity (+3).
   It protects you from fire.
   It makes you vulnerable to cold.
 M - an uncursed amulet of warding
 U - an amulet of rage (around neck)
Potions
 h - a potion of restore abilities
 i - 14 potions of curing
 o - a potion of porridge
 w - 3 potions of haste
 K - a potion of invisibility
 O - 2 potions of berserk rage
 P - 3 potions of might
Books
 W - a manual of Armour
Miscellaneous
 v - a fan of gales
 H - a disc of storms
 J - a lamp of fire
 Q - a fan of gales (inert)
 V - a phial of floods
Rods
 c - a +3 rod of ignition (14/14)
   (You took it off a deep elf fighter on level 3 of the Elven Halls)
 d - a +6 rod of ignition (14/14)
   (You acquired it on level 2 of the Elven Halls)
 e - a +7 rod of clouds (11/11)
   (You acquired it on level 14 of the Dungeon)
 f - a +3 rod of the swarm (9/9)
   (You acquired it on level 2 of the Crypt)


   Skills:
 * Level 14.7 Fighting
   Level 3.2(5.0) Short Blades
   Level 5.8(6.2) Long Blades
 - Level 11.2 Maces & Flails
 + Level 2.1(3.1) Slings
 - Level 3.5(3.8) Throwing
 * Level 14.1 Armour
 + Level 14.1 Dodging
 - Level 1.2 Stealth
 + Level 14.6 Shields
 + Level 3.6 Spellcasting
 + Level 3.9 Summonings
 * Level 11.0 Invocations
 * Level 13.1 Evocations


You had 27 spell levels left.
You knew the following spells:

 Your Spells              Type           Power        Failure   Level  Hunger
a - Summon Butterflies    Summ           #.......     45%         1    #......


Dungeon Overview and Level Annotations

Branches:
Dungeon (14/15)            Temple (1/1) D:7             Orc (4/4) D:10
    Elf (3/3) Orc:3          Lair (6/8) D:11         Shoals (3/5) Lair:4
 Spider (5/5) Lair:4       Vaults (2/5) D:14          Crypt (3/3) Vaults:2
   Tomb (0/3) Crypt:3
  Slime: Lair:6-8

Altars:
Cheibriados
Dithmenos
Fedhas
Kikubaaqudgha
Makhleb
Okawaru
Qazlal
Xom
The Shining One

Shops:
D:10 [   Orc:4 *%(%

Portals:
Abyss: Crypt:2

Annotations:
Spider:4 1 exclusion
Crypt:3 exclusion: curse skull


Innate Abilities, Weirdness & Mutations

You have razor-sharp teeth.
You regenerate.
When hurt, damage is shared between your health and your magic reserves.
Your bite disrupts and absorbs the magic of your enemies.
Potions and wands cannot restore your health.
You are immune to rotting.
You are dopey. (Int -2)
Space occasionally distorts in your vicinity.


Message History

Helpless, you fail to dodge the iron shot.
* * * LOW HITPOINT WARNING * * *
The lich touches you but does no damage. x2
You can move again.
You sock the lich! You bite the lich, but do no damage.
The lich is moderately damaged.
The lich casts a spell at you.
The shard of ice is repelled.
The shard of ice hits the lich.
The lich partially resists.
You block the lich's attack.
Unknown command.
You thump the lich! You bite the lich.
The lich's magic leaks into the air.
You drain its magic.
You feel invigorated.
You destroy the lich!
Qazlal accepts your kill. The lich touches you.
* * * LOW HITPOINT WARNING * * *
The lich casts a spell at you. The crystal spear hits you!
Ouch! That really hurt!
You die...

#############
.#.....#....:#
.'.....§@.§.##
+..#.P
.'.....#....%#
#..#....P
#.... #L§..##
#..#..PP. ###'
#....:#
#..#..... ..
#§...##
#..#.P..P $
#....:#
#..#..PP.
#....##
#..#...PP
#%#!##
#..#.....
#####
##..#.....


You could see a lich.

Vanquished Creatures
  An ancient lich (Crypt:3)
  Sojobo (Crypt:3)
  2 bone dragons
  Frederick (Crypt:2)
  Nikola (Spider:3)
  2 deep elf blademasters (Elf:3)
  2 liches (Crypt:3)
  2 deep elf master archers (Elf:3)
  An ancient champion (Crypt:1)
  2 tengu reavers (Crypt:3)
  2 sphinxes
  Rupert (Lair:3)
  7 tentacled starspawn (Abyss:1)
  Kirke (Shoals:1)
  A revenant (Crypt:3)
  6 deep elf sorcerers
  9 vault wardens
  A fire giant (Vaults:2)
  A cacodemon (Abyss:1)
  4 ghost moths
  Gastronok (Lair:3)
  5 emperor scorpions
  2 very ugly things
  2 stone giants (Vaults:1)
  6 deep elf demonologists (Elf:3)
  3 rakshasas
  4 vampire knights
  2 war gargoyles (Crypt:3)
  A deep elf annihilator (Elf:3)
  The ghost of zordkkahn the Thrower, a powerful TrBe of Trog (D:14)
  2 unborn (Vaults:2)
  4 deep elf death magi
  Snorg (Orc:2)
  A merfolk impaler (Shoals:1)
  3 vault guards
  A merfolk javelineer (Shoals:2)
  5 eidola (Crypt:2)
  3 fire dragons (Vaults:2)
  4 great orbs of eyes
  The ghost of jeykey the Fighter, a powerful VSAr of Qazlal (IceCv)
  2 jiangshi (Crypt:3)
  A deep elf high priest (Elf:3)
  Harold (D:10)
  2 hydras
  5 ironheart preservers
  A quicksilver dragon skeleton (Crypt:2)
  A ghost crab (Crypt:2)
  Nessos (D:11)
  3 sirens
  5 ogre magi
  2 deep troll earth magi
  2 deep troll shamans (Vaults:2)
  2 alligator snapping turtles
  2 merfolk aquamancers
  8 death yaks
  7 centaur warriors
  3 vampire magi
  2 tengu warriors (D:13)
  7 thrashing horrors (Abyss:1)
  A hell hog (Abyss:1)
  2 titan zombies
  Urug (D:14)
  A spectral storm dragon (Crypt:3)
  2 orc high priests
  2 wretched stars (Abyss:1)
  31 skeletal warriors
  16 deep elf knights
  2 flayed ghosts
  2 soul eaters (Crypt:2)
  9 deep trolls
  An anaconda zombie (Crypt:3)
  14 orb spiders
  2 storm dragon skeletons
  7 sea snakes
  A shadow wraith (Crypt:2)
  18 large abominations (Abyss:1)
  A spectral anaconda (Crypt:3)
  A giant orange brain (D:14)
  10 deep elf summoners
  A death drake (Abyss:1)
  11 harpies
  A necromancer (Crypt:2)
  8 hill giants
  Pikel (D:5)
  5 ironbrand convokers
  7 orc knights
  2 wolf spider zombies
  4 unseen horrors
  A wizard (Vaults:1)
  6 phantasmal warriors
  9 ugly things
  2 frost giant zombies
  2 orc sorcerers
  4 griffons
  3 cyclopes
  5 red wasps
  10 deep elf conjurers
  5 water nymphs
  26 wolf spiders
  4 mermaids
  6 elephants (Lair:5)
  17 fauns
  8 manticores
  A worldbinder (Abyss:1)
  A centaur zombie (D:14)
  A stone giant skeleton (Crypt:3)
  4 vault sentinels (Vaults:1)
  An elephant (shapeshifter) (Vaults:1)
  A dire elephant zombie (Abyss:1)
  4 fire giant skeletons (Crypt:3)
  3 moths of wrath
  6 smoke demons
  3 black mambas
  4 gargoyles
  Joseph (D:8)
  7 drowned souls
  A frost giant skeleton (Crypt:3)
  2 spiny frogs (Lair:4)
  An item mimic (D:10)
  A torpor snail (Lair:5)
  2 orange demons (Abyss:1)
  A storm dragon simulacrum (Vaults:1)
  An iron devil (Abyss:1)
  2 sixfirhies (Abyss:1)
  Psyche (D:8)
  6 komodo dragons
  A feature mimic (Spider:2)
  2 kobold demonologists (D:14)
  A dire elephant skeleton (Crypt:3)
  8 yaktaurs
  A red devil (Elf:3)
  2 ancient zymes (Abyss:1)
  A death yak zombie (Crypt:2)
  5 freezing wraiths
  A jumping spider (shapeshifter) (Abyss:1)
  2 efreet (Abyss:1)
  2 hellwings (Abyss:1)
  18 demonic crawlers
  8 deep elf priests
  Grinder (D:5)
  6 air elementals
  A harpy zombie (Crypt:3)
  2 fire drakes
  24 jumping spiders
  23 merfolk
  A hydra zombie (Crypt:2)
  15 polar bears
  Sonja (Orc:2)
  3 fire elementals
  9 trolls
  20 blink frogs
  Prince Ribbit (Orc:1)
  A queen bee (Spider:1)
  A wind drake (Shoals:1)
  2 hydra skeletons (Crypt:3)
  17 two-headed ogres
  2 boulder beetles
  17 slime creatures
  A catoblepas skeleton (Crypt:2)
  2 ravens (D:13)
  A human simulacrum (Vaults:1)
  A trapdoor spider (shapeshifter) (Vaults:1)
  5 snapping turtles
  6 shadows
  A griffon zombie (D:13)
  A baby alligator (shapeshifter) (D:13)
  19 raiju (Abyss:1)
  2 basilisks
  14 trapdoor spiders
  An ettin skeleton (Crypt:3)
  2 griffon skeletons
  4 fire dragon skeletons (Crypt:3)
  6 flying skulls
  An ice dragon skeleton (Crypt:3)
  13 starcursed masses (Abyss:1)
  38 deep elf magi
  7 ynoxinuls
  34 redbacks
  65 yaks
  20 tarantellas
  A human (D:7)
  5 neqoxecs
  15 hippogriffs
  7 wraiths
  12 water elementals
  Grum (D:8)
  2 chaos spawn (Abyss:1)
  A wyvern (Lair:5)
  7 hogs
  21 deep elf fighters
  5 vampires (Crypt:3)
  2 hungry ghosts
  3 wargs
  Edmund (D:8)
  A soldier ant (D:13)
  3 spatial vortices (Abyss:1)
  23 wolves
  2 mottled dragons
  A warg (shapeshifter) (Abyss:1)
  A porcupine (shapeshifter) (Elf:1)
  A deep troll skeleton (Crypt:1)
  22 small abominations
  33 orc warriors
  9 water moccasins
  24 spiders
  4 yellow wasps
  2 sky beasts
  3 phantoms
  A baby alligator skeleton (Crypt:1)
  A snapping turtle zombie (Abyss:1)
  5 porcupines
  A torpor snail zombie (Crypt:1)
  38 ogres
  A crocodile (shapeshifter) (Abyss:1)
  4 ice beasts
  4 black bears
  2 necrophages
  A manticore skeleton (D:12)
  11 crocodiles
  17 centaurs
  2 snapping turtle skeletons
  A boring beetle (Spider:5)
  Duvessa (D:5)
  A brain worm (Abyss:1)
  4 slaves
  A swamp dragon skeleton (Crypt:3)
  A lost soul (Vaults:1)
  2 lindwurm skeletons
  12 giant frogs
  A fire crab zombie (Crypt:2)
  A yaktaur zombie (Crypt:2)
  An elf zombie (D:8)
  A glowing shapeshifter simulacrum (Vaults:1)
  3 big kobolds
  A cyclops zombie (D:13)
  An insubstantial wisp (Abyss:1)
  2 troll zombies
  A boulder beetle zombie (Crypt:1)
  3 eyes of draining
  20 killer bees
  7 scorpions
  21 wights
  A yak skeleton (D:11)
  An electric eel (Spider:5)
  3 goliath beetles
  Dowan (D:5)
  7 crimson imps
  2 jellies
  A giant frog zombie (D:7)
  10 hounds
  27 orc priests
  A basilisk zombie (Crypt:2)
  6 quasits
  A two-headed ogre zombie (D:11)
  2 centaur skeletons
  5 human zombies (D:8)
  An iron imp (Abyss:1)
  6 iguanas
  16 sheep
  4 orange rats
  8 worker ants
  29 orc wizards
  A naga zombie (Crypt:3)
  An ogre zombie (D:7)
  A crocodile zombie (D:8)
  2 ogre skeletons
  A crocodile skeleton (D:11)
  Terence (D:2)
  A hound skeleton (D:5)
  4 mummies
  16 gnolls
  39 green rats
  A worker ant zombie (D:6)
  4 orc zombies
  A scorpion zombie (D:7)
  Natasha (twice) (D:6)
  23 adders
  2 shadow imps (D:5)
  3 orc skeletons
  3 white imps (Abyss:1)
  4 worms
  21 ufetubi
  8 giant geckos
  2 oozes (D:1)
  208 orcs
  A bat zombie (D:5)
  5 giant cockroaches
  16 goblins
  30 hobgoblins
  3 jackals (D:6)
  12 quokkas
  15 bats
  2 giant gecko skeletons
  5 giant newts
  A giant spore (D:11)
  A gnoll skeleton (Crypt:1)
  A hobgoblin skeleton (D:8)
  A hobgoblin zombie (Crypt:2)
  32 kobolds
  A kobold skeleton (D:5)
  32 rats
  A rat zombie (D:6)
  4 ballistomycetes
  11 butterflies
  62 fungi
  45 plants
  7 starspawn tentacles (Abyss:1)
  3 tentacles (Shoals:3)
  A tentacle segment (Shoals:3)
2086 creatures vanquished.

Vanquished Creatures (collateral kills)
  Arachne (Spider:3)
  A tentacled starspawn (Abyss:1)
  A deep elf sorcerer (Elf:3)
  A frost giant (IceCv)
  Louise (Spider:4)
  A siren (Shoals:3)
  A deep troll earth mage (Vaults:1)
  A deep elf knight (Elf:1)
  A skeletal warrior (Crypt:1)
  2 orb spiders
  A deep elf conjurer (Elf:1)
  A faun (Shoals:3)
  An ugly thing (Vaults:2)
  2 phantasmal warriors (Crypt:1)
  A manticore (Shoals:3)
  A moth of wrath (Spider:5)
  A griffon skeleton (Crypt:1)
  A warg (Vaults:1)
  A small abomination (Abyss:1)
  A lost soul (Crypt:1)
  A human skeleton (Spider:3)
  A scorpion (Spider:4)
  A troll skeleton (D:10)
  3 ufetubi (Abyss:1)
  An adder zombie (Crypt:1)
  An orc (Vaults:1)
30 creatures vanquished.

Vanquished Creatures (others)
  A jiangshi (Crypt:1)
  A deep elf high priest (Elf:3)
  A deep elf knight (Elf:1)
  A shadow wraith (Vaults:2)
  A deep elf summoner (Elf:3)
  A sea snake (Shoals:2)
  18 drowned souls
  A gargoyle (Crypt:3)
  3 air elementals
  A water elemental (Vaults:2)
  A polar bear (IceCv)
  5 fire elementals
  A flying skull (Crypt:1)
  A vampire (Crypt:1)
  A human (Shoals:1)
  A dancing weapon (Spider:3)
  A spider (Spider:4)
  7 lost souls
  A boring beetle (Spider:4)
  Natasha (D:6)
  3 orange rats (Elf:2)
  A green rat (Lair:6)
  A giant spore (D:14)
  2 lurking horrors (Abyss:1)
  4 butterflies
  3 fungi
  3 plants
  19 starspawn tentacles (Abyss:1)
  33 starspawn tentacle segments (Abyss:1)
  5 tentacles (Shoals:3)
  103 tentacle segments (Shoals:3)
226 creatures vanquished.

Grand Total: 2342 creatures vanquished

Notes
Turn   | Place    | Note
--------------------------------------------------------------
     0 | D:1      | jeykey, the Vine Stalker Artificer, began the quest for the Orb.
     0 | D:1      | Reached XP level 1. HP: 9/9 MP: 1/1
    96 | D:1      | Reached skill level 1 in Fighting
   436 | D:1      | Reached XP level 2. HP: 9/14 MP: 3/3
   727 | D:1      | Reached skill level 3 in Evocations
   801 | D:1      | Reached skill level 1 in Armour
   899 | D:2      | Noticed Terence
   902 | D:2      | Reached XP level 3. HP: 18/18 MP: 5/5
   930 | D:2      | Killed Terence
   930 | D:2      | Reached skill level 1 in Short Blades
  1074 | D:2      | Reached XP level 4. HP: 16/23 MP: 7/7
  1582 | D:2      | Reached XP level 5. HP: 14/26 MP: 9/9
  2137 | D:4      | Gained mutation: You heal very quickly. [vine stalker growth]
  2137 | D:4      | Reached XP level 6. HP: 24/30 MP: 9/11
  2305 | D:4      | Noticed a phantom
  2384 | D:4      | Killed a phantom
  3263 | D:3      | Found a burning altar of Makhleb.
  3313 | D:3      | Reached XP level 7. HP: 30/35 MP: 12/12
  3482 | D:3      | Reached skill level 4 in Armour
  3649 | D:5      | Entered Level 5 of the Dungeon
  3731 | D:5      | Noticed Duvessa
  3732 | D:5      | Noticed Dowan
  3750 | D:6      | Gained mutation: You regenerate. [potion of beneficial mutation]
  3764 | D:6      | Noticed Natasha
  3777 | D:6      | Killed Natasha
  4025 | D:5      | Noticed Grinder
  4046 | D:5      | Gained mutation: You have razor-sharp teeth. [vine stalker growth]
  4046 | D:5      | Reached XP level 8. HP: 27/40 MP: 13/15
  4101 | D:5      | Paralysed by Grinder for 6 turns
  4124 | D:5      | Paralysed by Grinder for 5 turns
  4362 | D:6      | Reached skill level 5 in Armour
  4601 | D:6      | Noticed Natasha
  4741 | D:7      | Found a staircase to the Ecumenical Temple.
  4756 | Temple   | Entered the Ecumenical Temple
  4764 | Temple   | Became a worshipper of Qazlal Stormbringer
  5075 | D:7      | Reached skill level 6 in Armour
  5267 | D:7      | Reached XP level 9. HP: 41/45 MP: 14/17
  5546 | D:7      | Acquired Qazlal's first power
  5664 | D:7      | Reached skill level 5 in Fighting
  6069 | D:8      | Reached skill level 5 in Dodging
  6207 | D:8      | Reached skill level 7 in Armour
  6229 | D:8      | Reached skill level 1 in Long Blades
  6355 | D:8      | Noticed Grum
  6363 | D:8      | Killed Grum
  6409 | D:8      | Noticed Psyche
  6419 | D:8      | Killed Psyche
  6419 | D:8      | Reached XP level 10. HP: 48/53 MP: 18/18
  6465 | D:8      | Noticed Joseph
  6486 | D:8      | Killed Joseph
  6595 | D:8      | Acquired Qazlal's second power
  6854 | D:8      | Noticed Edmund
  6860 | D:8      | Killed Edmund
  7012 | D:8      | Reached skill level 8 in Armour
  7037 | D:8      | Found an ancient bone altar of Kikubaaqudgha.
  7505 | D:6      | Killed Natasha
  7713 | D:6      | Noticed Natasha
  7717 | D:6      | Killed Natasha
  7728 | D:6      | Acquired Qazlal's third power
  8005 | D:5      | Killed Duvessa
  8010 | D:5      | Killed Dowan
  8037 | D:5      | Noticed Pikel
  8045 | D:5      | Killed Pikel
  8133 | D:5      | Killed Grinder
  8421 | D:9      | Got a slimy robe
  8432 | D:9      | Identified the +2 robe of the Countless Demons {SInv} (You found it on level 9 of the Dungeon)
  8569 | D:9      | Reached XP level 11. HP: 54/58 MP: 20/20
  8591 | D:9      | Reached skill level 1 in Invocations
  9251 | D:10     | Entered Level 10 of the Dungeon
  9505 | D:10     | Noticed a hill giant
  9514 | D:10     | Killed a hill giant
  9587 | D:10     | Found Bahior's Armour Boutique.
  9592 | D:10     | Found a staircase to the Orcish Mines.
  9608 | D:10     | Bought a +1 cloak of poison resistance for 175 gold pieces
  9608 | D:10     | Bought a +1 shield of cold resistance for 214 gold pieces
  9726 | D:10     | Noticed Harold
  9738 | D:10     | Killed Harold
  9738 | D:10     | Reached skill level 1 in Throwing
 10093 | Orc:1    | Entered Level 1 of the Orcish Mines
 10093 | Orc:1    | Found a frozen archway.
 10101 | IceCv    | Entered an ice cave
 10117 | IceCv    | Reached skill level 9 in Armour
 10124 | IceCv    | Reached skill level 5 in Long Blades
 10215 | IceCv    | Identified a +5 rod of striking (12/12) (You found it in an ice cave)
 10225 | IceCv    | Noticed jeykey's ghost (powerful VSAr)
 10242 | IceCv    | Acquired Qazlal's fourth power
 10272 | IceCv    | Killed jeykey's ghost
 10272 | IceCv    | Reached skill level 1 in Shields
 10317 | IceCv    | Noticed a death yak
 10318 | IceCv    | Noticed a death yak
 10357 | IceCv    | Killed a death yak
 10357 | IceCv    | Reached skill level 1 in Maces & Flails
 10369 | IceCv    | Killed a death yak
 10383 | IceCv    | Mutation became permanent: You regenerate. [vine stalker growth]
 10383 | IceCv    | Reached XP level 12. HP: 50/65 MP: 22/22
 10433 | IceCv    | Reached skill level 5 in Evocations
 10534 | IceCv    | Got a pitted ring mail
 10545 | IceCv    | Identified the +1 ring mail of Autumn {Slay+3 Stlth--} (You found it in an ice cave)
 10633 | IceCv    | Reached skill level 1 in Spellcasting
 10642 | IceCv    | Noticed a frost giant
 10652 | IceCv    | Killed a frost giant
 10689 | IceCv    | Got a steaming helmet
 10700 | IceCv    | Identified the +4 helmet of Anaesthesia {Str-2 Dex+1} (You found it in an ice cave)
 11455 | Orc:2    | Noticed Snorg
 11459 | Orc:2    | Killed Snorg
 11583 | Orc:1    | Acquired Qazlal's fifth power
 11699 | Orc:3    | Found an iron altar of Okawaru.
 11964 | Orc:3    | Found a staircase to the Elven Halls.
 12373 | Orc:4    | Entered Level 4 of the Orcish Mines
 12373 | Orc:4    | Found Pnextu's Antique Weapon Emporium.
 12373 | Orc:4    | Found Hyel's Assorted Antiques.
 12373 | Orc:4    | Found Ehasmapt's Food Shop.
 12373 | Orc:4    | Noticed an ogre mage
 12478 | Orc:4    | Reached XP level 13. HP: 52/71 MP: 18/24
 12537 | Orc:4    | Reached skill level 10 in Fighting
 12542 | Orc:4    | Killed an ogre mage
 12802 | Orc:4    | Noticed an ogre mage
 12883 | Orc:4    | Killed an ogre mage
 12933 | Orc:4    | Found Nofrear's Food Boutique.
 12997 | Orc:4    | Bought a polished greatsling for 520 gold pieces
 12998 | Orc:4    | Identified the cursed +0 greatsling of the Sky {flame, +Inv +Fly rC-} (You bought it in a shop on level 4 of the Orcish Mines)
 13022 | Orc:4    | Bought a pink potion for 35 gold pieces
 13022 | Orc:4    | Bought a white potion for 35 gold pieces
 13098 | Orc:4    | Reached skill level 5 in Invocations
 13180 | Orc:4    | Found a staircase to the Elven Halls.
 13326 | Elf:1    | Entered Level 1 of the Elven Halls
 13653 | Orc:2    | Noticed Sonja
 13656 | Orc:2    | Killed Sonja
 13903 | Orc:1    | Noticed Prince Ribbit
 13917 | Orc:1    | Killed Prince Ribbit
 14214 | D:11     | Found a staircase to the Lair.
 14259 | D:11     | Found a flagged portal.
 14269 | Bailey   | Entered a bailey
 14523 | Bailey   | Reached skill level 11 in Fighting
 14523 | Bailey   | Reached skill level 1 in Slings
 14523 | Bailey   | Reached XP level 14. HP: 70/79 MP: 15/26
 15132 | D:11     | Noticed Nessos
 15177 | D:11     | Killed Nessos
 15177 | D:11     | Reached XP level 15. HP: 68/82 MP: 25/27
 15520 | D:12     | Reached skill level 5 in Shields
 16196 | Lair:1   | Entered Level 1 of the Lair of Beasts
 17083 | Lair:2   | Learned a level 1 spell: Summon Butterflies
 17633 | Lair:3   | Reached skill level 1 in Summonings
 17725 | Lair:3   | Noticed Rupert
 17732 | Lair:3   | Killed Rupert
 18405 | Lair:3   | Noticed Gastronok
 18417 | Lair:3   | Killed Gastronok
 18569 | Lair:3   | Reached skill level 10 in Dodging
 19041 | Lair:4   | Found a hole to the Spider Nest.
 19051 | Spider:1 | Entered Level 1 of the Spider Nest
 19451 | Spider:1 | Reached skill level 5 in Maces & Flails
 20586 | Spider:3 | Noticed Nikola
 20613 | Spider:3 | Killed Nikola
 20613 | Spider:3 | Reached XP level 16. HP: 63/87 MP: 6/28
 20784 | Spider:3 | Noticed Arachne
 20804 | Spider:3 | Killed Arachne
 21418 | Spider:3 | Reached skill level 10 in Armour
 21724 | Spider:4 | Noticed Louise
 21741 | Spider:4 | Cast into the Abyss (Louise)
 22177 | Abyss:1  | Gained mutation: Space occasionally distorts in your vicinity. [a cacodemon]
 22203 | Abyss:1  | Noticed a tentacled starspawn
 22220 | Abyss:1  | Killed a tentacled starspawn
 22251 | Abyss:1  | Noticed a tentacled starspawn
 22263 | Abyss:1  | Killed a tentacled starspawn
 22280 | Abyss:1  | Noticed a tentacled starspawn
 22290 | Abyss:1  | Killed a tentacled starspawn
 22558 | Abyss:1  | Noticed a tentacled starspawn
 22565 | Abyss:1  | Killed a tentacled starspawn
 22659 | Abyss:1  | Reached XP level 17. HP: 90/93 MP: 30/30
 22706 | Abyss:1  | Gained mutation: You are very dopey. (Int -4) [a cacodemon]
 22936 | Abyss:1  | Noticed a bone dragon
 22957 | Abyss:1  | Killed a bone dragon
 23143 | Abyss:1  | Reached skill level 12 in Fighting
 23206 | Abyss:1  | Noticed a bone dragon
 23590 | Spider:4 | Escaped the Abyss
 23638 | Spider:4 | Killed Louise
 23700 | Spider:4 | Got a dazzling scale mail
 23711 | Spider:4 | Identified the +5 scale mail "Nihemnat" {Slay+5} (You found it on level 4 of the Spider Nest)
 24133 | Spider:5 | Entered Level 5 of the Spider Nest
 24143 | Spider:5 | Reached skill level 10 in Shields
 24465 | Spider:5 | Reached XP level 18. HP: 38/98 MP: 32/32
 24480 | Spider:5 | Got a gossamer rune of Zot
 24562 | Spider:5 | Reached skill level 10 in Evocations
 25758 | Lair:4   | Found a staircase to the Shoals.
 25766 | Shoals:1 | Entered Level 1 of the Shoals
 25766 | Shoals:1 | Noticed Kirke
 25777 | Shoals:1 | Killed Kirke
 28569 | Lair:4   | Reached XP level 19. HP: 103/103 MP: 33/33
 29533 | Lair:5   | Reached skill level 10 in Maces & Flails
 29711 | Lair:6   | Reached skill level 13 in Fighting
 30314 | Lair:6   | Found a dark tunnel.
 31309 | D:13     | Got a ripped robe
 31315 | D:13     | Identified the +0 robe of Leaves {rElec Dex-2} (You found it on level 13 of the Dungeon)
 33189 | Elf:2    | Identified the Grimoire of Combed Thunderclap
 33223 | Elf:2    | Identified Ts'ui Pên's Volume of Forking Paths
 33234 | Elf:2    | Identified the Almanac of Axaxaxas mlö
 33635 | Elf:2    | Identified a scroll of acquirement
 33639 | Elf:2    | Identified a +4 rod of ignition (12/12) (You acquired it on level 2 of the Elven Halls)
 33673 | Elf:3    | Entered Level 3 of the Elven Halls
 33776 | Elf:3    | Noticed a Brimstone Fiend
 34181 | Elf:3    | Reached XP level 20. HP: 109/109 MP: 34/34
 35231 | Elf:3    | Got a faintly humming leather armour
 35242 | Elf:3    | Identified the +1 leather armour of Elacza Loemp {rC+ Dex+2 Slay+5 Stlth++} (You took it off a deep elf fighter on level 3 of the Elven Halls)
 35302 | Elf:3    | Identified a +3 rod of ignition (14/14) (You took it off a deep elf fighter on level 3 of the Elven Halls)
 35305 | Elf:3    | Got a fine tin ring
 35306 | Elf:3    | Identified the ring "Pabosula" {Fire Dex+3} (You took it off a deep elf sorcerer on level 3 of the Elven Halls)
 35342 | Elf:3    | Got a dazzling shortbow
 35353 | Elf:3    | Identified the +11 shortbow of Sodaf {speed, rPois rC+} (You found it on level 3 of the Elven Halls)
 35381 | Elf:3    | Got a slimy trident
 35382 | Elf:3    | Identified the cursed +3 trident of Defiance {freeze, rElec rC+ Str+1} (You took it off a deep elf demonologist on level 3 of the Elven Halls)
 35456 | Elf:3    | Got an iridescent dagger
 35457 | Elf:3    | Identified the +11 dagger "Bimoen" {freeze, +Inv +Fly rC+} (You took it off a deep elf mage on level 3 of the Elven Halls)
 35469 | Elf:3    | Got a steaming hunting sling
 35470 | Elf:3    | Identified the +6 hunting sling "Meefi" {speed, rElec rPois Dex+1 SInv} (You found it on level 3 of the Elven Halls)
 36164 | D:14     | Identified a +7 rod of clouds (11/11) (You acquired it on level 14 of the Dungeon)
 36177 | D:14     | Noticed zordkkahn's ghost (powerful TrBe)
 36187 | D:14     | Killed zordkkahn's ghost
 36293 | D:14     | Found a gate to the Vaults.
 36330 | D:14     | Upgraded the game from 0.15.1 to 0.15.1-1-gfacfea3
 36705 | D:14     | Noticed Urug
 36717 | D:14     | Killed Urug
 36767 | D:14     | Found a shadowy altar of Dithmenos.
 36864 | Vaults:1 | Entered Level 1 of the Vaults
 37543 | Vaults:1 | Got a wavering tin ring
 38300 | Vaults:1 | Reached XP level 21. HP: 112/114 MP: 35/35
 38344 | Vaults:2 | Reached skill level 14 in Fighting
 38349 | Vaults:2 | Identified the ring of Idov {Str-5 Stlth-} (You found it on level 1 of the Vaults)
 38626 | Vaults:2 | Reached skill level 10 in Invocations
 38645 | Vaults:2 | Got a steaming short sword
 38940 | Vaults:2 | Found a staircase to the Crypt.
 38945 | Crypt:1  | Entered Level 1 of the Crypt
 39474 | Crypt:2  | Noticed Frederick
 39486 | Crypt:2  | Killed Frederick
 39605 | Crypt:2  | Identified the cursed +2 short sword of Smekhluf {slice, Dex+2} (You took it off a deep elf priest on level 2 of the Vaults)
 39684 | Crypt:2  | Found a shimmering altar of Xom.
 39700 | Crypt:2  | Found a one-way gate to the infinite horrors of the Abyss.
 39927 | Crypt:2  | Identified a +3 rod of the swarm (9/9) (You acquired it on level 2 of the Crypt)
 40173 | Crypt:3  | Entered Level 3 of the Crypt
 40177 | Crypt:3  | Noticed Sojobo
 40205 | Crypt:3  | Killed Sojobo
 40663 | Crypt:3  | Reached XP level 22. HP: 121/121 MP: 36/36
 41331 | Crypt:3  | Found a staircase to the Tomb.
 41378 | Crypt:3  | Got a polished morningstar
 41379 | Crypt:3  | Identified the +6 morningstar of Perversion {drain, Str+3 Int+3 Stlth---} (You found it on level 3 of the Crypt)
 41577 | Crypt:3  | Got a jewelled chain mail
 41588 | Crypt:3  | Identified the +1 chain mail of the Other Side {Stlth+} (You found it on level 3 of the Crypt)
 41763 | Crypt:3  | Noticed an ancient lich
 41774 | Crypt:3  | Killed an ancient lich
 41795 | Crypt:3  | Paralysed by a lich for 7 turns
 41806 | Crypt:3  | Killed from afar by a lich

Action                   |  1- 3 |  4- 6 |  7- 9 | 10-12 | 13-15 | 16-18 | 19-21 | 22-24 || total
-------------------------+-------+-------+-------+-------+-------+-------+-------+-------++-------
Melee: Dagger            |    87 |       |       |       |       |       |       |       ||    87
       Short sword       |    61 |   338 |   398 |       |       |       |       |       ||   797
       Scimitar          |       |       |   167 |   765 |   149 |       |       |       ||  1081
       Rod               |       |       |       |    22 |     6 |       |     1 |    46 ||    75
       Mace              |       |       |       |       |   685 |  1257 |  1577 |   132 ||  3651
       Unarmed           |       |       |       |       |       |     1 |       |       ||     1
 Fire: Hunting sling     |       |       |       |     3 |       |       |       |       ||     3
       Greatsling        |       |       |       |       |     8 |     9 |       |       ||    17
Throw: Throwing net      |       |       |       |     2 |     3 |       |       |       ||     5
       Javelin           |       |       |       |    13 |     7 |    48 |    26 |       ||    94
       Tomahawk          |       |       |       |       |    24 |    10 |       |       ||    34
 Cast: Summon Butterflie |       |       |       |       |     5 |       |     1 |       ||     6
Invok: Upheaval          |       |       |       |    11 |    15 |    16 |    14 |       ||    56
       Elemental Force   |       |       |       |       |       |     4 |       |       ||     4
       Disaster Area     |       |       |       |       |       |     2 |     4 |       ||     6
 Abil: Evoke Flight      |       |       |       |     1 |       |       |       |       ||     1
       Evoke Invisibilit |       |       |       |       |     1 |     1 |       |       ||     2
Evoke: Wand              |       |       |    35 |    19 |     7 |    30 |    12 |     1 ||   104
       Lamp of fire      |       |       |       |     2 |     1 |     3 |     6 |       ||    12
       Disc of storms    |       |       |       |       |       |    22 |     6 |       ||    28
       Deck              |       |       |       |       |       |     4 |       |       ||     4
       Fan of gales      |       |       |       |       |       |     3 |     4 |       ||     7
       Rod               |       |       |       |       |       |       |    10 |     1 ||    11
       Phial of floods   |       |       |       |       |       |       |     1 |       ||     1
  Use: Scroll            |     4 |     5 |     5 |     9 |    19 |    14 |    13 |     2 ||    71
       Potion            |     1 |       |     4 |     1 |     5 |    12 |       |       ||    23
 Stab: Paralysed         |       |       |       |       |       |     3 |       |       ||     3
  Eat: Chunk             |       |     8 |     4 |     8 |     7 |       |       |       ||    27
       Beef jerky        |       |       |     2 |       |     4 |     4 |     9 |     1 ||    20
       Meat ration       |       |       |     1 |       |     3 |     5 |     2 |       ||    11
       Pizza             |       |       |       |     7 |       |       |       |       ||     7
       Fruit             |       |       |       |     3 |     3 |     3 |    10 |       ||    19
       Royal jelly       |       |       |       |     1 |       |       |       |       ||     1
       Bread ration      |       |       |       |       |       |       |     2 |     1 ||     3
